 Dungeon Crawl Stone Soup version 0.27-a0-631-g2d681adce0 (webtiles) character file.

Game seed: 191407427246421508

8 Azzok the Skirmisher (level 2, 24/24 HPs)
             Began as a Demonspawn Berserker on Mar 13, 2021.
             Was a Follower of Trog.
             Quit the game on level 1 of the Dungeon.
             The game lasted 00:00:12 (139 turns).

Azzok the Skirmisher (Demonspawn Berserker)          Turns: 139, Time: 00:00:13

Health: 24/24      AC:  2    Str: 17    XL:     2   Next: 0%
Magic:  2/2        EV: 12    Int:  8    God:    Trog [*.....]
Gold:   0          SH:  0    Dex: 12    Spells: 1/1 levels left

rFire    + . .     SeeInvis .   a - +0 hand axe
rCold    . . .     Faith    .   (no shield)
rNeg     . . .     Spirit   .   b - +0 animal skin
rPois    .         Reflect  .   (no helmet)
rElec    .         Harm     .   (no cloak)
rCorr    .         Rampage  .   (no gloves)
Will     .....                  (no boots)
Stlth    +.........             (no amulet)
HPRegen  0.08/turn              e - ring of protection from fire
MPRegen  0.08/turn              (no ring)

@: no status effects
A: foul stench 1
a: Renounce Religion, Berserk


You were on level 1 of the Dungeon.
You worshipped Trog.
Trog was aware of your devotion.
You visited 1 branch of the dungeon, and saw 1 of its levels.

Inventory:

Hand Weapons
 a - a +0 hand axe (weapon)
Armour
 b - a +0 animal skin (worn)
Jewellery
 e - a ring of protection from fire (right hand)
Scrolls
 c - 3 scrolls of magic mapping {unknown}
 d - a scroll of enchant armour {unknown}


   Skills:
 + Level 3.1 Fighting
 + Level 2.8 Axes
 + Level 2.0 Armour
 + Level 2.0 Dodging


You had one spell level left.
You didn't know any spells.
Your spell library was empty.

Dungeon Overview and Level Annotations

Branches:
Dungeon (1/15)

Altars:


Innate Abilities, Weirdness & Mutations

You may rarely emit foul miasma when damaged in melee.


Message History

A kobold comes into view.
The kobold throws a stone.
The stone hits you.
A kobold comes into view.
The ball python bites you but does no damage.
The ball python barely misses you.
Found a stone staircase leading down.
You closely miss the ball python. You hit the kobold.
The ball python misses you. The ball python grabs you.
The ball python constricts you. The kobold closely misses you.
You hit the ball python.
You kill the ball python!
Trog accepts your kill.
You hit the kobold.
You kill the kobold!
Trog accepts your kill. The kobold hits you.
You slash the kobold!
You kill the kobold!
Trog accepts your kill.
You see here a kobold corpse.
You hit the kobold but do no damage. The kobold hits you but does no damage.
You hit the kobold.
You kill the kobold!
Trog accepts your kill.
e - a ring of protection from fire
e - a ring of protection from fire (right hand)
Things that are here:
a +0 club; 4 stones; a kobold corpse A goblin comes into view.
It is wielding a +0 dagger.
A goblin is nearby!
The goblin shouts!
You hit the goblin.
You kill the goblin!
Trog accepts your kill.
Your Armour skill increases to level 2!
Your Dodging skill increases to level 2!
You have reached level 2!
Your demonic ancestry asserts itself...
You begin to emit a foul stench of rot and decay.
Are you sure you want to abandon this character and quit the game? (Confirm with "yes".)

·· ▒···· ▒·▒▒···▒
▒··▒···▒ ▒·▒···▒ ▒▒▒
▒·····▒ ···· ▒····▒
·····
▒▒▒▒····▒▒▒▒······ ·
▒··▒······@)······ ·▒▒
▒▒·····▒▒▒▒▒▒·▒···· ▒··
▒··▒▒····▒ ▒ ▒ ▒··▒▒··
▒··▒·▒▒ ·
▒··▒▒···▒▒··▒▒▒▒·▒▒▒▒
·▒▒·<▒▒···▒▒▒·▒▒······▒
▒··▒▒··▒▒·▒ ▒·▒▒······▒
▒··▒▒··▒▒·▒ ▒··▒······▒
·▒▒··▒▒···▒ ▒▒·▒······▒


There were no monsters in sight!

Vanquished Creatures
  A leopard gecko (D:1)
  A goblin (D:1)
  3 kobolds (D:1)
  A ball python (D:1)
6 creatures vanquished.

Notes
Turn   | Place    | Note
-------+----------+-------------------------------------------
     0 | D:1      | Azzok the Demonspawn Berserker began the quest for the Orb.
     0 | D:1      | Reached XP level 1. HP: 18/18 MP: 1/1
   139 | D:1      | Gained mutation: You may rarely emit foul miasma when
                  | damaged in melee. [demonic ancestry]
   139 | D:1      | Reached XP level 2. HP: 24/24 MP: 2/2
   139 | D:1      | Quit the game

Illustrated notes

Levels and vault maps discovered:
D:1:      lightli_iron_boxes, layout_basic

Skill      XL: |  1 |
---------------+----+-----
Armour         | 2 |  2.0
Dodging        | 2 |  2.0
Fighting       | |  3.1
Axes           | |  2.8

Action                   || total
-------------------------++-------
Melee: Hand axe          ||     9
Armor: Animal skin       ||     2
Dodge: Dodged            ||     7

Table legend: (Time is in decaauts)
 A = Elapsed time spent in this place.
 B = Non-inter-level travel time spent in this place.
 C = Inter-level travel time spent in this place.
 D = Time resting spent in this place.
 E = Time spent auto-exploring this place.
 F = Levels seen in this place.
 G = Mean time per level.
                   A        B        C        D        E       F      G
               +--------+--------+--------+--------+--------+-----+--------+
         Total |    140 |    140 |      0 |      0 |    109 |   1 |  140.0 |
       Dungeon |    140 |    140 |      0 |      0 |    109 |   1 |  140.0 |
               +--------+--------+--------+--------+--------+-----+--------+

Top non-repeatable levels by time:
     D:1: 140 daAuts
